 Dungeon Crawl Stone Soup version 0.23.0 (webtiles) character file.

Game seed: 552215612789573567

214 Kairos the Covered (level 5, 0/28 HPs)
             Began as a Vine Stalker Fighter on Feb 12, 2019.
             Killed from afar by an orc wizard (5 damage)
             ... with a magic dart
             ... on level 4 of the Dungeon.
             The game lasted 00:03:58 (2470 turns).

Kairos the Covered (Vine Stalker Fighter)           Turns: 2470, Time: 00:03:59

Health: 0/28       AC:  9    Str: 19    XL:     5   Next: 91%
Magic:  0/6        EV:  7    Int:  8    God:
Gold:   207        SH:  9    Dex: 14    Spells: 4/4 levels left

rFire    . . .     SeeInvis .   a - +0 long sword
rCold    . . .     Gourm    .   c - +0 shield
rNeg     + . .     Faith    .   b - +0 scale mail
rPois    .         Spirit   +   (no helmet)
rElec    .         Reflect  .   (no cloak)
rCorr    .         Harm     .   q - +1 pair of gloves
MR       .....                  (no boots)
Stlth    ..........             r - amulet of magic regeneration
HPRegen  0.49/turn              n - ring of positive energy
MPRegen  0.35/turn              u - ring of flight

@: no status effects
A: fangs 2, regeneration 1, magic shield, antimagic bite, no potion heal 3, rot
immunity
a: Evoke Flight


You were on level 4 of the Dungeon.
You were very hungry.

You visited 1 branch of the dungeon, and saw 4 of its levels.

You collected 207 gold pieces.

Inventory:

Hand Weapons
 a - a +0 long sword (weapon)
 v - a +4 hunting sling
Missiles
 w - 99 stones (quivered)
Armour
 b - a +0 scale mail (worn)
 c - a +0 shield (worn)
 q - a +1 pair of gloves (worn)
Jewellery
 n - a ring of positive energy (left hand)
 r - an amulet of magic regeneration (around neck)
 u - a ring of flight (right hand)
Scrolls
 e - a scroll of remove curse {unknown}
 g - 6 scrolls of teleportation
 h - a scroll of amnesia
 j - a scroll of enchant armour {unknown}
 k - 2 scrolls of random uselessness {unknown}
 o - 4 scrolls of identify
 p - a scroll of magic mapping {unknown}
 s - a scroll of blinking {unknown}
 t - 3 scrolls of immolation {unknown}
Potions
 d - a potion of might
 i - a potion of flight
 l - a potion of heal wounds {unknown}
 m - 2 potions of degeneration {unknown}
Comestibles
 f - 5 rations


   Skills:
 + Level 3.3 Fighting
 + Level 3.4 Long Blades
 + Level 3.5 Armour
 + Level 0.6 Dodging
 + Level 3.3 Shields


You had 4 spell levels left.
You didn't know any spells.
Your spell library was empty.

Dungeon Overview and Level Annotations

Branches:
Dungeon (4/15)
 Temple: D:4-7

Altars:
Nemelex Xobeh


Innate Abilities, Weirdness & Mutations

You have extremely sharp teeth.
Your natural rate of healing is unusually fast.
When hurt, damage is shared between your health and your magic reserves.
Your bite disrupts and absorbs the magic of your enemies.
Potions cannot restore your health.
You are immune to rotting.


Message History

The orc wizard gestures at you while chanting.
The puff of flame hits you but does no damage.
Something hits you.
The orc wizard hits you but does no damage.
Something hits you but does no damage.
The orc wizard gestures at you while chanting.
The magic dart hits you.
* * * LOW HITPOINT WARNING * * *
You feel less confused. The orc wizard casts a spell at you.
You resist with some effort.
You hear some strange, mumbled words.
A magic dart appears from out of thin air!
The magic dart hits you.
* * * LOW HITPOINT WARNING * * *
The orc wizard gestures wildly while chanting.
The orc wizard flickers and vanishes!
A magic dart appears from out of thin air!
The magic dart hits you!
You die...

....... #..........
#.......##..........
.........##....>.....
#...#....#8..).......
#........##.......#..
#...........{.....# #
.................#.#.
#...................
..##........@..##.# #### #
#8..####.......... ...+ ..
##..#####....##.###...#...
#......................
#..#####.###.#.#....#
#8............#.#.<..#
##...................#
#...................#
#...................#


There were no monsters in sight!

Vanquished Creatures
  An orc wizard (D:3)
  6 gnolls (D:3)
  2 adders
  2 worms
  A dart slug (D:1)
  A leopard gecko (D:1)
  11 orcs
  9 giant cockroaches
  10 goblins
  15 hobgoblins
  4 jackals
  7 kobolds
  A quokka (D:3)
  A ball python (D:3)
  5 bats
  6 frilled lizards
  6 rats
88 creatures vanquished.

Notes
Turn   | Place    | Note
-------+----------+-------------------------------------------
     0 | D:1      | Kairos the Vine Stalker Fighter began the quest for the
                  | Orb.
     0 | D:1      | Reached XP level 1. HP: 11/11 MP: 2/2
   479 | D:1      | Reached XP level 2. HP: 10/16 MP: 1/3
   819 | D:1      | Reached XP level 3. HP: 18/19 MP: 4/4
   887 | D:1      | Found a sparkling altar of Nemelex Xobeh.
  1179 | D:2      | Gained mutation: Your natural rate of healing is unusually
                  | fast. [Vine Stalker growth]
  1179 | D:2      | Reached XP level 4. HP: 13/24 MP: 5/5
  1760 | D:3      | Reached XP level 5. HP: 21/28 MP: 4/6
  2470 | D:4      | Killed from afar by an orc wizard

Skill      XL: |  1  2  3  4 |
---------------+-------------+-----
Shields        | 3 |  3.3
Long Blades    | 2 3 |  3.4
Fighting       | 3 |  3.3
Armour         | 3 |  3.5
Dodging        | |  0.6

Action                   |  1- 3 |  4- 6 || total
-------------------------+-------+-------++-------
Melee: Long sword        |   102 |   133 ||   235
       Bite              |    27 |    42 ||    69
  Use: Scroll            |     3 |       ||     3
  Eat: Chunk             |       |     4 ||     4
Armor: Scale mail        |    48 |    63 ||   111
Dodge: Dodged            |    27 |    42 ||    69
Block: Shield            |    60 |    61 ||   121
       Rpst.: Long sword |     6 |    16 ||    22
